 Dungeon Crawl Stone Soup version 0.27.0-1-g7a089689b8 (webtiles) character file.

Game seed: 17871906632444817241

8272 Conn the Arsonist (level 11, -6/68 HPs)
             Began as an Octopode Fire Elementalist on Aug 14, 2021.
             Was a Believer of Sif Muna.
             Mangled by a troll (11 damage)
             ... on level 11 of the Dungeon.
             The game lasted 00:40:24 (13543 turns).

Conn the Arsonist (Octopode Fire Elementalist)     Turns: 13543, Time: 00:40:25

Health: -6/68      AC:  1    Str: 14    XL:     11   Next: 28%
Magic:  0/23       EV: 14    Int: 21    God:    Sif Muna [**....]
Gold:   523        SH:  0    Dex: 12    Spells: 7/26 levels left

rFire    . . .     SeeInvis +   H - +9 rapier of Cuodeuci {drain, SInv}
rCold    + . .     Faith    .   (no shield)
rNeg     + . .     Spirit   +   (helmet restricted)
rPois    .         Reflect  .   j - amulet of guardian spirit
rElec    .         Harm     .   r - +6 ring of strength
rCorr    .         Rampage  .   t - ring of protection from cold
Will     .....                  y - ring of positive energy
Stlth    ++++......             (no ring)
HPRegen  0.21/turn              (no ring)
MPRegen  0.18/turn              (no ring)
                                (no ring)
                                (no ring)

@: channeling, very slightly contaminated
A: almost no armour, amphibious, 8 rings, camouflage 1, gelatinous body 1,
(nimble swimmer 1), tentacles
a: Renounce Religion, Channel Magic


You were on level 11 of the Dungeon.
You worshipped Sif Muna.
Sif Muna was pleased with you.
You visited 2 branches of the dungeon, and saw 12 of its levels.
You also visited: Sewer.

You collected 523 gold pieces.

Inventory:

Hand Weapons
 a - a +0 dagger of electrocution
 H - the +9 rapier of Cuodeuci (weapon) {drain, SInv}
   (You found it on level 9 of the Dungeon)

   A truly terrible weapon, it drains the life of any living foe it strikes.
   SInv:      It lets you see invisible.
Missiles
 o - 27 poisoned darts
 q - 4 datura-tipped darts
 G - 2 throwing nets
Magical Staves
 n - a staff of cold
Jewellery
 j - an amulet of guardian spirit (around mantle)
 r - a +6 ring of strength (left tentacle)
 t - a ring of protection from cold (right tentacle)
 y - a ring of positive energy (on tentacle)
Wands
 l - a wand of flame (18)
 m - a wand of polymorph (18)
 s - a wand of acid (6)
Scrolls
 c - 2 scrolls of identify
 g - 3 scrolls of enchant weapon {unknown}
 i - 2 scrolls of summoning {unknown}
 k - a scroll of magic mapping {unknown}
 p - a scroll of fog {unknown}
 u - a scroll of blinking {unknown}
 x - a scroll of noise {unknown}
 B - a scroll of silence {unknown}
 C - a scroll of immolation {unknown}
 D - a scroll of fear {unknown}
Potions
 b - 2 potions of brilliance
 d - 3 potions of mutation
 e - a potion of berserk rage
 h - 2 potions of curing
 v - a potion of cancellation
 w - 5 potions of flight {unknown}
 A - a potion of lignification {unknown}
 E - a potion of invisibility {unknown}
 F - a potion of might {unknown}
 I - a potion of ambrosia {unknown}


   Skills:
 + Level 3.7 Fighting
 + Level 4.3 Short Blades
 + Level 4.3 Dodging
 + Level 7.2 Stealth
 + Level 8.1 Spellcasting
 + Level 7.3 Conjurations
 + Level 0.8 Hexes
 + Level 8.3 Fire Magic
 * Level 4.5 Ice Magic
 * Level 3.3 Invocations
 + Level 0.7 Evocations


You had 7 spell levels left.
You knew the following spells:

 Your Spells              Type           Power      Damage    Failure   Level
a - Foxfire               Conj/Fire      100%       2x1d9     1%          1
b - Conjure Flame         Conj/Fire      41%        6-21      1%          3
c - Inner Flame           Hex/Fire       27%        N/A       3%          3
d - Sticky Flame          Conj/Fire      41%        2d6       3%          4
e - Fireball              Conj/Fire      20%        3d10      9%          5
f - Ozocubu's Armour      Ice            27%        N/A       3%          3

Your spell library contained the following spells:

 Spells                   Type           Power      Damage    Failure   Level
 Static Discharge         Conj/Air       24%        N/A       2%          2
 Ensorcelled Hibernation  Hex/Ice        38%        N/A       4%          2
 Pain                     Necr           32%        1d5       8%          1
 Passwall                 Tmut/Erth      6%         N/A       12%         2
 Sublimation of Blood     Necr           4%         N/A       12%         2
 Spider Form              Tmut/Pois      4%         N/A       24%         3
 Irradiate                Conj/Tmut      12%        3d18      43%         5
 Lightning Bolt           Conj/Air       12%        1d25      43%         5
 Petrify                  Tmut/Erth      8%         N/A       61%         4
 Agony                    Necr           8%         N/A       91%         5
 Excruciating Wounds      Necr           4%         N/A       91%         5
 Shadow Creatures         Summ           N/A        N/A       100%        6
 Ozocubu's Refrigeration  Ice            13%        4d7       100%        7
 Maxwell's Capacitive Co  Air            4%         ∞         100%        8


Dungeon Overview and Level Annotations

Branches:
Dungeon (11/15)            Temple (1/1) D:6            Lair (0/6) D:9
  Sewer (visited)
    Orc: D:9-12

Altars:
Cheibriados
Dithmenos
Gozag
Kikubaaqudgha
Ru
Sif Muna
Trog
Vehumet
Wu Jian
Yredelemnul
The Shining One

Portals:
Abyss: D:8

Annotations:
D:8 2 transporters, exclusion: ice statue, Name63's ghost, novice GnCj
D:10 Harold


Innate Abilities, Weirdness & Mutations

You cannot wear most types of armour.
You are amphibious.
You can wear up to eight rings at the same time.
Your skin changes colour to match your surroundings (Stealth+).
Your rubbery body absorbs attacks. (AC +1, EV +1)
((You are camouflaged near water. (Stealth+)))
You have tentacles for arms and can constrict up to eight enemies at once.


Message History

Casting: Foxfire (safe; 1% risk of failure)
Confirm with . or Enter, or press ? or * to list all spells.
Okay, then.
You fail to use your ability.
Casting: Foxfire (safe; 1% risk of failure)
Confirm with . or Enter, or press ? or * to list all spells.
Aiming: Fireball (dangerous; 9% risk of failure)
Press: ? - help, Shift-Dir - straight line, f - troll
Aim: a troll
Okay, then.
Unknown command.
Casting: Fireball (dangerous; 9% risk of failure)
Confirm with . or Enter, or press ? or * to list all spells.
Aiming: Inner Flame (dangerous; 3% risk of failure)
Press: ? - help, Shift-Dir - straight line, f - troll
Aim: a troll (chance to affect: 83%)
The troll is filled with an inner flame.
Unknown command.
Casting: Inner Flame (dangerous; 3% risk of failure)
Confirm with . or Enter, or press ? or * to list all spells.
Aiming: Fireball (dangerous; 9% risk of failure)
Press: ? - help, Shift-Dir - straight line, f/p - troll
Aim: a troll (inner flame)
You miscast Fireball.
You are very lightly contaminated with residual magic.
Nothing appears to happen.
Unknown command.
Casting: Fireball (dangerous; 9% risk of failure)
Confirm with . or Enter, or press ? or * to list all spells.
Aiming: Fireball (dangerous; 9% risk of failure)
Press: ? - help, Shift-Dir - straight line, f/p - troll
Aim: a troll (inner flame)
The fireball explodes!
The fireball engulfs the troll!!
Flame seeps out of the troll.
The troll is heavily wounded.
The troll is engulfed in blazing flames.
Flame seeps out of the troll.
The troll bites you!
* * * LOW HITPOINT WARNING * * *
The troll barely misses you. The troll claws you!
You die...

#. #.
#.###### ##
#......#
...#......#
.......<..#
#......)###
#....○T@#
#....?..#
#.......#
.#+###+##


You could see a troll (inner flame).

Vanquished Creatures
  A two-headed ogre (D:9)
  Pikel (D:8)
  2 centaur zombies
  Psyche (D:9)
  3 wyverns (D:9)
  A shadow (D:10)
  5 yaks (D:9)
  2 steam dragons
  5 water moccasins
  3 sky beasts (D:6)
  2 hornet zombies (D:9)
  3 black bears
  An ice beast (D:8)
  4 orc warriors
  2 necrophages (D:5)
  2 ogres
  4 centaurs
  2 lemures (D:8)
  3 kobold brigands
  2 gnoll sergeants
  3 bullfrogs
  A wyvern zombie (D:8)
  3 scorpions
  2 water moccasin skeletons (D:5)
  9 wights
  An electric eel (D:7)
  3 howler monkeys (D:8)
  A bullfrog zombie (D:5)
  A bullfrog skeleton (D:5)
  2 hounds
  3 orc priests
  Crazy Yiuf (D:2)
  3 jellies
  Jessica (D:3)
  Terence (D:2)
  2 iguanas
  6 orc wizards
  A killer bee zombie (D:7)
  2 hound skeletons
  9 gnolls
  8 adders
  A howler monkey skeleton (D:6)
  A white imp (D:7)
  An adder skeleton (D:4)
  3 worms (D:4)
  A dart slug (D:1)
  21 orcs
  9 ball pythons
  6 bats
  5 endoplasms
  7 giant cockroaches
  9 goblins
  4 hobgoblins
  11 jackals
  15 kobolds
  4 quokkas
  11 frilled lizards
  2 rats
223 creatures vanquished.

Vanquished Creatures (others)
  A bush (D:9)
  11 demonic plants (D:2)
  672 foxfires
  5 fungi
  21 plants
  5 withered plants (D:2)
715 creatures vanquished.

Grand Total: 938 creatures vanquished

Notes
Turn   | Place    | Note
-------+----------+-------------------------------------------
     0 | D:1      | Conn the Octopode Fire Elementalist began the quest for the
                  | Orb.
     0 | D:1      | Reached XP level 1. HP: 11/11 MP: 3/3
   231 | D:1      | Reached XP level 2. HP: 17/17 MP: 0/5
  1117 | D:1      | Reached XP level 3. HP: 21/21 MP: 3/6
  1183 | D:2      | Learned a level 3 spell: Conjure Flame
  1222 | D:2      | Found a faded altar of an unknown god.
  1589 | D:2      | Noticed Terence
  1620 | D:2      | Killed Terence
  1663 | D:2      | Found a runed translucent door.
  1664 | D:2      | Noticed Crazy Yiuf
  1697 | D:2      | Killed Crazy Yiuf
  1698 | D:2      | Reached XP level 4. HP: 27/27 MP: 3/7
  2462 | D:3      | Noticed Jessica
  2467 | D:3      | Killed Jessica
  2468 | D:3      | Reached XP level 5. HP: 31/31 MP: 2/9
  3388 | D:4      | Found an ornate altar of the Wu Jian Council.
  3390 | D:4      | Found a snail-covered altar of Cheibriados.
  3399 | D:4      | Found an ancient bone altar of Kikubaaqudgha.
  3399 | D:4      | Found a glowing golden altar of the Shining One.
  3406 | D:4      | Noticed an ogre
  3426 | D:4      | Found a sacrificial altar of Ru.
  3453 | D:4      | Killed an ogre
  3454 | D:4      | Reached skill level 5 in Stealth
  3454 | D:4      | Reached XP level 6. HP: 36/36 MP: 5/11
  3632 | D:4      | Found a glowing drain.
  3648 | Sewer    | Entered a sewer
  3923 | Sewer    | Reached skill level 1 in Short Blades
  3925 | Sewer    | Reached XP level 7. HP: 37/42 MP: 6/13
  4047 | D:4      | Found a shadowy altar of Dithmenos.
  4176 | D:4      | Noticed a steam dragon
  4200 | D:4      | Found a bloodstained altar of Trog.
  4208 | D:4      | Found a shimmering blue altar of Sif Muna.
  4227 | D:5      | Entered Level 5 of the Dungeon
  4649 | D:4      | Reached skill level 1 in Fighting
  4656 | D:4      | Got Sif Muna's Collected Works on the Rocks
  4662 | D:4      | Became a worshipper of Sif Muna the Loreminder
  4970 | D:4      | Learned a level 3 spell: Inner Flame
  4978 | D:4      | Killed a steam dragon
  5384 | D:5      | Reached XP level 8. HP: 33/48 MP: 10/15
  5652 | D:5      | Reached skill level 5 in Fire Magic
  5657 | D:5      | Reached skill level 5 in Spellcasting
  5781 | D:5      | Reached * piety under Sif Muna
  6922 | D:6      | Found a staircase to the Ecumenical Temple.
  6931 | Temple   | Entered the Ecumenical Temple
  7164 | D:6      | Learned a level 4 spell: Sticky Flame
  7170 | D:6      | Learned a level 5 spell: Fireball
  7185 | D:6      | Reached XP level 9. HP: 56/56 MP: 7/17
  7915 | D:6      | Reached skill level 5 in Conjurations
  9092 | D:7      | Reached ** piety under Sif Muna
  9716 | D:8      | Learned a level 3 spell: Ozocubu's Armour
  9753 | D:8      | Found a transporter.
  9766 | D:8      | Noticed Name63's ghost (novice GnCj)
  9800 | D:8      | Reached XP level 10. HP: 33/63 MP: 6/20
  9803 | D:8      | Noticed Pikel
  9985 | D:8      | Reached skill level 1 in Ice Magic
  9999 | D:8      | Killed Pikel
 10175 | D:8      | Found a radiant altar of Vehumet.
 10177 | D:8      | Found an opulent altar of Gozag.
 10213 | D:8      | Noticed an ice statue
 10426 | D:8      | Found a transporter.
 10436 | D:8      | Found a one-way gate to the infinite horrors of the Abyss.
 11361 | D:9      | Identified the +9 rapier of Cuodeuci {drain, SInv}
 11387 | D:9      | Noticed Psyche
 11398 | D:9      | Killed Psyche
 11694 | D:9      | Reached skill level 1 in Invocations
 11735 | D:9      | Found a staircase to the Lair.
 12066 | D:9      | Noticed a two-headed ogre
 12517 | D:9      | Killed a two-headed ogre
 12518 | D:9      | Reached XP level 11. HP: 62/67 MP: 12/23
 13133 | D:10     | Entered Level 10 of the Dungeon
 13173 | D:10     | Noticed Harold
 13543 | D:11     | Mangled by a troll

Illustrated notes

Levels and vault maps discovered:
D:1:      erik_arrival_cave_to_civilisation [erik_arrival_cave_to_temple],
          layout_basic, minmay_heptomino_w4
D:2:      layout_basic, shapermc_ecumenical_altar_gd,
          chequers_serial_rivers_large_a, hex_tiny, minivault_26, uniq_terence,
          uniq_crazy_yiuf_cottage
D:3:      minmay_wonky_spiral, layout_loops_ring, uniq_jessica
D:4:      layout_basic, nzn_overflow_gifts_of_might_and_magic,
          grunt_temple_overflow_open, mainiacjoe_overflow_large_starburst,
          cheibrodos_sewer_entry_bend, minivault_11
D:5:      layout_basic, kennysheep_generic_room_5
D:6:      layout_loops_ring, lemuel_temple_firewalk_b
D:7:      layout_basic, grunt_ministairs_9, minivault_4
D:8:      lemuel_ice_statue, layout_basic, mainiacjoe_overflow_catwalk_spiral,
          gammafunk_ghost_abyssal_escape, minivault_25, uniq_pikel
D:9:      layout_irregular_city, minmay_lair_entry_grove, uniq_psyche
D:10:     layout_rooms, nicolae_elyvilon_peaceful_grove, uniq_harold
D:11:     layout_basic, uniq_grum
Temple:   minmay_temple_curvy_loop

Skill      XL: |  1  2  3  4  5  6  7  8  9 10 11 |
---------------+----------------------------------+-----
Stealth        | 3 4 5 6 7 |  7.2
Spellcasting   | 3 4 5 6 8 |  8.1
Conjurations   | 2 3 4 6 7 |  7.3
Fire Magic     | 4 6 7 8 |  8.3
Short Blades   | 1 3 4 |  4.3
Fighting       | 1 3 |  3.7
Dodging        | 3 4 |  4.3
Ice Magic      | 4 |  4.5
Invocations    | 2 3 |  3.3
Hexes          | |  0.8
Evocations     | |  0.7

Action                   |  1- 3 |  4- 6 |  7- 9 | 10-12 || total
-------------------------+-------+-------+-------+-------++-------
Melee: Dagger            |    17 |    32 |    98 |    32 ||   179
       Constrict         |     5 |     7 |    25 |     8 ||    45
       Tentacles         |     2 |     4 |    24 |    10 ||    40
       Rapier            |       |       |       |    27 ||    27
 Cast: Foxfire           |    29 |    73 |   164 |   137 ||   403
       Inner Flame       |       |       |     2 |     8 ||    10
       Conjure Flame     |       |       |    10 |     5 ||    15
       Sticky Flame      |       |       |     6 |    19 ||    25
       Fireball          |       |       |       |     5 ||     5
       Ozocubu's Armour  |       |       |       |     3 ||     3
Invok: Channel Magic     |       |       |     1 |     4 ||     5
Evoke: Wand              |       |       |     1 |     2 ||     3
  Use: Scroll            |       |     3 |     4 |     3 ||    10
       Potion            |       |       |     1 |     5 ||     6
 Stab: Sleeping          |     4 |     7 |     9 |     1 ||    21
Armor: Skin              |       |     1 |     7 |     9 ||    17
Dodge: Dodged            |    12 |    22 |    54 |    70 ||   158
